 Dungeon Crawl Stone Soup version 0.28.0-47-ge53b351184 (webtiles) character file.

Game seed: 8592922199920621017

2195 Gabide the Magician (level 9, 0/68 HPs)
             Began as a Mummy Necromancer on May 6, 2022.
             Was a Priest of Jiyva.
             Slain by a wyvern skeleton (10 damage)
             ... on level 7 of the Dungeon.
             The game lasted 00:14:29 (6922 turns).

Gabide the Magician (Mummy Necromancer)             Turns: 6922, Time: 00:14:30

Health: 0/68       AC:  4    Str: 11    XL:     9   Next: 12%
Magic:  18/20      EV: 13    Int: 19    God:    Jiyva [***...]
Gold:   209        SH:  0    Dex: 12    Spells: 18/22 levels left

rFire   x . .      SeeInvis .     - Unarmed
rCold   + . .      Faith    .   (no shield)
rNeg    + + +      Spirit   .   a - +0 robe
rPois   ∞          Reflect  .   (no helmet)
rElec   .          Harm     .   j - +1 cloak
rCorr   +          Rampage  .   (no gloves)
Will    +....                   (no boots)
Stlth   ++........              h - amulet of magic regeneration
HPRegen 1.33/turn               f - ring of flight
MPRegen 0.92/turn               (no ring)

@: calling ooze, flying
A: cold resistance 1, negative energy resistance 3, torment resistance 2, heat
vulnerability 1, no potions
a: Renounce Religion, Oozemancy


You were on level 7 of the Dungeon.
You worshipped Jiyva.
Jiyva was most pleased with you.
You visited 1 branch of the dungeon, and saw 7 of its levels.
You also visited: Sewer.

You collected 209 gold pieces.

Inventory:

Hand Weapons
 i - a +3 quarterstaff of chaos
 k - a +1 vorpal hand axe
 l - a +0 spear of venom
 o - a +1 glaive of protection
Missiles
 m - a throwing net
Armour
 a - a +0 robe (worn)
 j - a +1 cloak (worn)
 p - +0 steam dragon scales
Jewellery
 e - an amulet of reflection
 f - a ring of flight (left hand)
 h - an amulet of magic regeneration (around neck)
Wands
 q - a wand of iceblast (10)
Scrolls
 b - a scroll of magic mapping
 c - 4 scrolls of identify
 d - a scroll of fear
 g - 3 scrolls of fog
 n - a scroll of amnesia


   Skills:
 * Level 5.5 Fighting
 * Level 5.0 Dodging
 - Level 1.5 Stealth
 - Level 2.5 Unarmed Combat
 * Level 7.4 Spellcasting
 * Level 7.0 Necromancy


You had 18 spell levels left.
You knew the following spells:

 Your Spells              Type           Power      Damage    Failure   Level
a - Pain                  Necr           100%       1d9       1%          1
b - Vampiric Draining     Necr           34%        2d8       1%          3

Your spell library contained the following spells:

 Spells                   Type           Power      Damage    Failure   Level
 Animate Skeleton         Necr           68%        N/A       1%          1
 Animate Dead             Necr           17%        N/A       5%          4
 Slow                     Hex            28%        N/A       10%         1
 Agony                    Necr           34%        N/A       14%         5
 Confusing Touch          Hex            7%         N/A       28%         3


Dungeon Overview and Level Annotations

Branches:
Dungeon (7/15)             Temple (0/1) D:4           Sewer (visited)

Altars:
Kikubaaqudgha
Uskayaw
Jiyva

Shops:
D:1 !


Innate Abilities, Weirdness & Mutations

You are immune to poison.
Your flesh is cold resistant. (rC+)
You are immune to negative energy. (rN+++)
You are immune to unholy pain and torment.
You are vulnerable to heat. (rF-)
You do not drink.


Message History

You hit the wyvern skeleton.
The wyvern skeleton is severely damaged.
The wyvern skeleton bites you!
You are too injured to fight recklessly!
You are too injured to fight recklessly!
You are too injured to fight recklessly!
You are too injured to fight recklessly!
You are too injured to fight recklessly!
You are too injured to fight recklessly!
You are too injured to fight recklessly!
You are too injured to fight recklessly!
You are too injured to fight recklessly!
You are too injured to fight recklessly!
You are too injured to fight recklessly!
You are too injured to fight recklessly!
You are too injured to fight recklessly!
You are too injured to fight recklessly!
You are too injured to fight recklessly!
You are too injured to fight recklessly!
You are too injured to fight recklessly!
You are too injured to fight recklessly!
You hit the wyvern skeleton but do no damage.
The wyvern skeleton is severely damaged.
The wyvern skeleton bites you!
You hit the wyvern skeleton.
You punch the wyvern skeleton, but do no damage.
The wyvern skeleton is severely damaged.
The wyvern skeleton misses you. The wyvern skeleton bites you!
* * * LOW HITPOINT WARNING * * *
You hear a distant slurping noise.
The wyvern skeleton bites you!
* * * LOW HITPOINT WARNING * * *
Casting: Vampiric Draining (safe; 1% risk of failure)
Confirm with . or Enter, or press ? or * to list all spells.
You can't see any susceptible monsters within range! (Use Z to cast anyway.) Activating: Oozemancy (14% risk of failure)
Press: ? - help, Dir - look around, f - activate Slime begins to ooze from the nearby walls!
The walls burn the wyvern skeleton!
The wyvern skeleton bites you!
You die...

#....#........ .......
#####'###........ #....#
...........########....####
...........#...............
...........#...............
...........#..............:
...........'...............
.....>.....#....Z##########
#.##......##....@##
...#......#.......#
J..#......#.......#
..........#.......#
####......###.##.##
......#####...##.#
......#...........
......#..#####.#.##
<......##.### ....


You could see a wyvern skeleton.

Vanquished Creatures
  Maggie (D:7)
  Grinder (D:5)
  4 yaks (D:5)
  2 water moccasins
  A sky beast (D:7)
  An ice beast (D:6)
  A necrophage (D:5)
  An ogre (D:6)
  A black bear (D:7)
  Blork the orc (D:4)
  A wyvern zombie (D:7)
  A scorpion (D:4)
  2 wights (D:6)
  A hound (D:6)
  Crazy Yiuf (D:3)
  A gnoll shaman (D:5)
  A centaur skeleton (D:6)
  An iguana (D:4)
  An orc wizard (D:6)
  A killer bee zombie (D:7)
  4 gnolls
  5 adders
  3 worms
  A dart slug (D:4)
  5 orcs
  5 ball pythons
  8 bats
  An endoplasm (D:1)
  6 giant cockroaches
  7 goblins
  10 hobgoblins
  3 quokkas
  3 frilled lizards
  5 kobolds
  7 rats
98 creatures vanquished.

Vanquished Creatures (others)
  A sky beast (D:7)
  A necrophage (D:6)
  A centaur (D:7)
  2 wights (D:6)
  11 jellies
  A hound (D:4)
  A centaur skeleton (D:6)
  Ijyb (D:4)
  A howler monkey zombie (D:5)
  5 gnolls (D:5)
  An adder (D:6)
  2 adder skeletons
  An orc (D:7)
  A ball python (D:3)
  A giant cockroach (D:4)
  A goblin (D:3)
  A hobgoblin (D:4)
  A fungus (D:3)
  14 plants
48 creatures vanquished.

Grand Total: 146 creatures vanquished

Notes
Turn   | Place    | Note
-------+----------+-------------------------------------------
     0 | D:1      | Gabide the Mummy Necromancer began the quest for the Orb.
     0 | D:1      | Reached XP level 1. HP: 13/13 MP: 4/4
   282 | D:1      | Reached XP level 2. HP: 20/20 MP: 1/5
  1081 | D:1      | Found Zyfim's Distillery.
  1101 | D:1      | Reached skill level 1 in Fighting
  1101 | D:1      | Reached XP level 3. HP: 17/26 MP: 0/7
  1673 | D:2      | Learned a level 3 spell: Vampiric Draining
  2072 | D:2      | Reached XP level 4. HP: 32/32 MP: 4/9
  2470 | D:2      | Found a faded altar of an unknown god.
  2842 | D:2      | Prayed at the altar of an unknown god.
  2842 | D:2      | Became a worshipper of Jiyva Joleu the Shapeless
  2842 | D:2      | Reached * piety under Jiyva
  2959 | D:3      | Reached skill level 1 in Unarmed Combat
  3249 | D:3      | Found an ancient bone altar of Kikubaaqudgha.
  3251 | D:3      | Reached ** piety under Jiyva
  3732 | D:3      | Found a runed translucent door.
  3733 | D:3      | Noticed Crazy Yiuf
  3739 | D:3      | Killed Crazy Yiuf
  3860 | D:4      | Reached XP level 5. HP: 38/38 MP: 8/11
  3869 | D:4      | Found a glowing drain.
  3887 | Sewer    | Entered a sewer
  3929 | Sewer    | Noticed a water moccasin
  3938 | Sewer    | Killed a water moccasin
  3939 | Sewer    | Reached XP level 6. HP: 43/46 MP: 1/12
  4006 | D:4      | Reached skill level 5 in Necromancy
  4047 | D:4      | Found a staircase to the Ecumenical Temple.
  4213 | D:4      | Noticed Ijyb
  4309 | D:4      | Killed Ijyb
  4349 | D:4      | Reached *** piety under Jiyva
  4456 | D:4      | Noticed Blork the orc
  4464 | D:4      | Killed Blork the orc
  4624 | D:5      | Entered Level 5 of the Dungeon
  4718 | D:5      | Noticed a yak
  4719 | D:5      | Noticed a yak
  4720 | D:5      | Noticed a yak
  4720 | D:5      | Noticed a yak
  4740 | D:5      | Killed a yak
  4741 | D:5      | Reached skill level 5 in Spellcasting
  4741 | D:5      | Reached XP level 7. HP: 41/52 MP: 7/14
  4742 | D:5      | Killed a yak
  4745 | D:5      | Killed a yak
  4747 | D:5      | Killed a yak
  4748 | D:5      | Reached XP level 8. HP: 42/60 MP: 4/17
  4869 | D:5      | Noticed Grinder
  4875 | D:5      | Paralysed by Grinder for 6 turns
  4893 | D:5      | Killed Grinder
  4919 | D:5      | Identified the +1 pair of boots of Mahabude {Harm rPois
                  | Will- Int+3}
  5659 | D:6      | Reached **** piety under Jiyva
  6197 | D:7      | Found a hide-covered altar of Uskayaw.
  6371 | D:6      | Reached skill level 5 in Fighting
  6524 | D:6      | HP: 3/62 [wight/+5 scimitar (17)]
  6647 | D:7      | Noticed Maggie
  6658 | D:7      | Killed Maggie
  6659 | D:7      | Reached XP level 9. HP: 34/68 MP: 12/19
  6662 | D:7      | Reached skill level 5 in Dodging
  6922 | D:7      | Slain by a wyvern skeleton

Illustrated notes

Levels and vault maps discovered:
D:1:      dpeg_arrival_refuge, layout_loops_corners, serial_shops,
          nicolae_shop_waterfront, minmay_misc_feat_room
D:2:      layout_basic, shapermc_ecumenical_altar_mp_vishouse, bh_walls_and_bars
D:3:      layout_loops_corners, mainiacjoe_overflow_brackets,
          uniq_crazy_yiuf_cottage
D:4:      layout_loops_cross, minmay_temple_entry_gardened_gates,
          cheibrodos_sewer_entry_drain, uniq_blork_the_orc, uniq_ijyb
D:5:      layout_loops_ring, uniq_grinder
D:6:      layout_basic, serial_bayou_crossing
D:7:      hellmonk_warped_wall, layout_gridville,
          mainiacjoe_overflow_tiny_flanked, uniq_maggie

Skill      XL: |  1  2  3  4  5  6  7  8  9 |
---------------+----------------------------+-----
Spellcasting   | 3 4 5 6 7 |  7.4
Fighting       | 1 2 3 4 5 |  5.5
Dodging        | 2 3 4 5 |  5.0
Unarmed Combat | 1 2 |  2.5
Necromancy     | 5 6 7 |  7.0
Stealth        | |  1.5

Action                   |  1- 3 |  4- 6 |  7- 9 || total
-------------------------+-------+-------+-------++-------
Melee: Unarmed           |     6 |    43 |   160 ||   209
       Punch             |       |       |     8 ||     8
 Cast: Pain              |    83 |    76 |    28 ||   187
       Vampiric Draining |       |    16 |    26 ||    42
Invok: Oozemancy         |       |     1 |     3 ||     4
  Use: Scroll            |     2 |     2 |     2 ||     6
Armor: Robe              |     4 |     7 |    33 ||    44
Dodge: Dodged            |    19 |    34 |   118 ||   171
Block: Other             |     1 |     7 |       ||     8
